 Dungeon Crawl Stone Soup version 0.31.0-11-ge490571c62 (webtiles) character file.

Game seed: 15897478210535151610

79 mopl the Grasshopper (level 4, -9/34 HPs)
             Began as a Formicid Warper on Jan 29, 2024.
             Killed from afar by Natasha (10 damage)
             ... with a magic dart
             ... on level 2 of the Dungeon.
             The game lasted 00:02:26 (2018 turns).

mopl the Grasshopper (Formicid Warper)              Turns: 2018, Time: 00:02:27

Health: -9/34      AC:  5    Str: 17    XL:     4   Next: 64%
Magic:  8/8        EV: 11    Int: 13    God:
Gold:   83         SH:  0    Dex: 13    Spells: 8/8 levels left

rFire   . . .        a - +0 hand axe
rCold   . . .        (no shield)
rNeg    . . .        e - +0 ring mail
rPois   .            (helmet unavailable)
rElec   .            (no cloak)
rCorr   .            (no gloves)
SInv    +            (no boots)
Will    .....        (no amulet)
Stlth   +            (no ring)
HPRegen 0.25/turn    (no ring)
MPRegen 0.11/turn

%: no passive effects
@: no status effects
A: permanent stasis, dig shafts and tunnels, antennae 3, four strong arms
a: Dig, Shaft Self


You were on level 2 of the Dungeon.
You visited 1 branch of the dungeon, and saw 2 of its levels.

You collected 83 gold pieces.

Inventory:

Hand Weapons
 a - a +0 hand axe (weapon)
Missiles
 c - 7 darts of dispersal
 i - 6 poisoned darts (quivered)
Armour
 e - a +0 ring mail (worn)
Scrolls
 b - a scroll of identify {unknown}
 d - 2 scrolls of immolation {unknown}
 j - a scroll of noise {unknown}
 l - a scroll of teleportation {unknown}
 m - a scroll of fog {unknown}
 n - a scroll of blinking {unknown}
Potions
 f - 2 potions of attraction {unknown}
 g - a potion of curing {unknown}
 h - a potion of haste {unknown}
 k - a potion of degeneration {unknown}
 o - a potion of brilliance {unknown}


   Skills:
 + Level 2.7 Fighting
 * Level 2.9 Axes
 - Level 1.0 Throwing
 + Level 2.1 Armour
 + Level 2.0 Dodging
 + Level 2.6 Spellcasting
 + Level 3.0 Translocations


You had 8 spell levels left.
You didn't know any spells.
Your spell library contained the following spells:

 Spells                   Type           Power      Damage    Failure   Level
 Lesser Beckoning         Tloc           18%        N/A       19%         2
 Teleport Other           Tloc           9%         N/A       36%         3
 Manifold Assault         Tloc           9%         N/A       77%         4
 Blink                    Tloc           Unusable   N/A       N/A         2
 Vhi's Electric Charge    Tloc/Air       Unusable   N/A       N/A         4

Dungeon Overview and Level Annotations

Branches:
Dungeon (2/15)

Altars:

Annotations:
D:2 1 runed translucent door, Crazy Yiuf, Natasha


Innate Abilities, Weirdness & Mutations

You cannot be hasted, slowed, berserked, paralysed or teleported.
You can dig through walls and to a lower floor.
You have a pair of large antennae on your head. (SInv)
Your four strong arms can wield two-handed weapons with a shield.


Message History

You hit Natasha.
Natasha is moderately wounded.
Natasha closely misses you.
You hit Natasha.
Natasha is heavily wounded.
Natasha claws you.
You closely miss Natasha.
Natasha is heavily wounded.
Natasha claws you.
You closely miss Natasha.
Natasha is heavily wounded.
Natasha stares at you and mumbles some strange words.
Your stasis prevents you from being slowed.
You hit Natasha. Your punch misses Natasha.
Natasha is severely wounded.
Natasha barely misses you.
You completely miss Natasha.
Natasha is severely wounded.
Natasha claws you but does no damage.
Natasha wildly gestures.
Natasha shimmers violently.
Natasha claws you.
* * * LOW HITPOINT WARNING * * *
You hit Natasha but do no damage.
Natasha is severely wounded.
Natasha closely misses you.
You hit Natasha.
Natasha is almost dead.
Natasha stares at you and mumbles some strange words.
You resist with some effort.
You closely miss Natasha.
Natasha is almost dead.
Natasha claws you.
* * * LOW HITPOINT WARNING * * *
You barely miss Natasha.
Natasha is almost dead.
Natasha casts a spell at you. The magic dart hits you!
You die...
Natasha begins licking her fur clean.

#.# ####.#.#
#.# #.#.###
..# #.....# {
### #...#.# ##
#...#.# .#
#...#.# .#
#...#.# #
#...#.#######
#...#....@h.#
#...#######.#
## #.........
... .#
#.......#
+##..
.########.####
#.#
...........))#
#
.########.##)#
## #####'##.#
# #......#.# #


You could see Natasha.

Vanquished Creatures
  Robin (D:2)
  A gnoll (D:1)
  An adder (D:2)
  5 ball pythons
  An endoplasm (D:1)
  A giant cockroach (D:1)
  11 hobgoblins
  4 kobolds
  2 bats (D:1)
  13 goblins
  5 rats
45 creatures vanquished.

Notes
Turn   | Place    | Note
-------+----------+-------------------------------------------
     0 | D:1      | mopl the Formicid Warper began the quest for the Orb.
     0 | D:1      | Reached XP level 1. HP: 16/16 MP: 3/3
    87 | D:1      | Reached XP level 2. HP: 22/22 MP: 5/5
   317 | D:1      | Reached XP level 3. HP: 28/28 MP: 6/6
   638 | D:1      | Found a faded altar of an unknown god.
  1254 | D:2      | Reached XP level 4. HP: 16/34 MP: 7/7
  1470 | D:2      | Reached skill level 3 in Translocations
  1668 | D:2      | Noticed Robin
  1685 | D:2      | Killed Robin
  1797 | D:2      | Found a runed translucent door.
  1798 | D:2      | Noticed Crazy Yiuf
  1991 | D:2      | Noticed Natasha
  2017 | D:2      | HP: 1/34 [Natasha (6)]
  2018 | D:2      | Killed from afar by Natasha

Illustrated notes

Levels and vault maps discovered:
D:1:      dpeg_arrival_morbid_curiosity, layout_loops_corners,
          basic_ecumenical_altar
D:2:      layout_basic, minmay_pentomino_s2, uniq_robin,
          uniq_crazy_yiuf_cottage, uniq_natasha

Skill      XL: |  1  2  3  4 |
---------------+-------------+-----
Dodging        | 2 |  2.0
Armour         | 2 |  2.1
Translocations | 3 |  3.0
Fighting       | |  2.7
Axes           | |  2.9
Throwing       | |  1.0
Spellcasting   | |  2.6

Action                     |  1- 3 |  4- 6 || total
---------------------------+-------+-------++-------
  Melee: Hand axe          |   100 |    70 ||   170
  Throw: Dart              |       |     2 ||     2
 Armour: Leather armour    |    18 |       ||    18
         Ring mail         |    55 |    52 ||   107
  Dodge: Dodged            |    75 |    42 ||   117
